 Seeded DCSS version 0.29.1-15-g9cfb28693d (webtiles) character file.

Game seed: 5852750519012672489 (custom seed)

32 Twinkles the Conjurer (level 3, 16/16 HPs)
             Began as a Vine Stalker Conjurer on June 4, 2023.
             Was a Follower of Wu Jian.
             Got out of the dungeon alive.
             The game lasted 00:02:11 (2019 turns).

Twinkles the Conjurer (Vine Stalker Conjurer)       Turns: 2019, Time: 00:02:11

Health: 16/16      AC:  3    Str:  9    XL:     3   Next: 25%
Magic:  8/8        EV: 11    Int: 20    God:    Wu Jian [*.....]
Gold:   50         SH:  0    Dex: 12    Spells: 4/7 levels left

rFire   . . .      SeeInvis .   j - +0 dagger
rCold   . . .      Faith    .   (no shield)
rNeg    . . .      Spirit   +   c - +0 leather armour
rPois   .          Reflect  .   (no helmet)
rElec   .          Harm     .   (no cloak)
rCorr   .          Rampage  .   (no gloves)
Will    .....                   (no boots)
Stlth   ++........              (no amulet)
HPRegen 0.05/turn               (no ring)
MPRegen 0.11/turn               (no ring)

@: no status effects
A: fangs 2, magic shield, antimagic bite, no potion heal 2
a: Renounce Religion


You escaped.
You worshipped Wu Jian.
Wu Jian was aware of your devotion.
You visited 1 branch of the dungeon, and saw 2 of its levels.

You collected 50 gold pieces.

Inventory:

Hand Weapons
 j - a +0 dagger (weapon)
Armour
 a - a +0 robe
 c - a +0 leather armour (worn)
Scrolls
 d - a scroll of identify {unknown}
 e - a scroll of poison {unknown}
 f - a scroll of magic mapping {unknown}
 g - a scroll of vulnerability {unknown}
 h - a scroll of noise {unknown}
 l - a scroll of fog {unknown}
Potions
 b - a potion of magic
 i - a potion of brilliance {unknown}
 k - a potion of curing {unknown}


   Skills:
 + Level 0.2 Fighting
 - Level 1.9 Dodging
 - Level 3.0 Stealth
 + Level 2.6 Spellcasting
 + Level 4.3 Conjurations


You had 4 spell levels left.
You knew the following spells:

 Your Spells              Type           Power      Damage    Failure   Level
a - Magic Dart            Conj           76%        1d6       3%          1
b - Searing Ray           Conj           38%        2d5       5%          2

Your spell library contained the following spells:

 Spells                   Type           Power      Damage    Failure   Level
 Dazzling Flash           Conj/Hex       22%        N/A       26%         3
 Fulminant Prism          Conj/Hex       5%         3d7       65%         4
 Iskenderun's Mystic Bla  Conj/Tloc      11%        2d4       65%         4


Dungeon Overview and Level Annotations

Branches:
Dungeon (2/15)

Altars:
Wu Jian


Innate Abilities, Weirdness & Mutations

You have extremely sharp teeth.
When hurt, damage is shared between your health and your magic reserves.
Your bite disrupts and absorbs the magic of your enemies.
Potions cannot restore your health.


Message History

The magic dart hits the rat.
The rat is heavily wounded.
Casting: Magic Dart (safe; 3% risk of failure)
Confirm with . or Enter, or press ? or * to list all spells.
Aiming: Magic Dart (safe; 3% risk of failure)
Press: ? - help, Shift-Dir - straight line, f/p - rat
Aim: a rat (heavily wounded, 100% to hit)
The magic dart hits the rat.
You kill the rat!
l - a scroll labelled OCSETU ZAGOP You start resting.
Magic restored.
There is a stone staircase leading down here.
Search for what [Enter for "dag", or ? for help]? alta You enter the shallow water.
Moving in this stuff is going to be slow.
A frilled lizard comes into view.
There is a faded altar of an unknown god here.
Casting: Magic Dart (safe; 3% risk of failure)
Confirm with . or Enter, or press ? or * to list all spells.
Aiming: Magic Dart (safe; 3% risk of failure)
Press: ? - help, Shift-Dir - straight line, f - frilled lizard
Aim: a frilled lizard (100% to hit)
The magic dart hits the frilled lizard.
You kill the frilled lizard!
You cannot tell which god this altar belongs to.
Convert to them anyway?
Wu Jian accepts your prayer! The Council welcomes you!
You can now perform damaging attacks by moving towards foes.
You can now lightly attack monsters by moving around them.
You enter the shallow water.
Moving in this stuff is going to be slow.
There is a stone staircase leading down here.
There is a stone staircase leading up here.
You climb upwards.
There is a stone staircase leading down here.
There is an open door here.
There is a staircase leading out of the dungeon here.
Are you sure you want to leave the Dungeon?
This will make you lose the game!
You have escaped!

.....#.# ####'#### #.#
.......#######.#######.#
.....####...........##.#
.....###...⌠.........#.#
##'####......###.###...#
...##....##..###'#####.#
#####.##.##..##...# #.#
.......#.##..##...# #.#
.####..#.##..##.@.# #.#
....#..#.##..##...# #.#
...##..#.##..##...# #.#
...##..#.##..###### #.#
....#..#.##..#### #.#
.†.....#.#......# #.#
.♣♣♣♣♣#.......#.# #.#
#♣♣P♣♣#.#..##.#.# #.#
........#..##.#.# #.#


There were no monsters in sight!

Vanquished Creatures
  A dart slug (D:1)
  3 ball pythons
  A bat (D:1)
  6 endoplasms
  A giant cockroach (D:2)
  3 goblins
  2 hobgoblins
  2 kobolds (D:1)
  A quokka (D:2)
  2 frilled lizards (D:2)
  3 rats
25 creatures vanquished.

Notes
Turn   | Place    | Note
-------+----------+-------------------------------------------
     0 | D:1      | Twinkles the Vine Stalker Conjurer began the quest for the
                  | Orb.
     0 | D:1      | Reached XP level 1. HP: 9/9 MP: 4/4
   400 | D:1      | Reached XP level 2. HP: 13/13 MP: 3/6
  1393 | D:2      | Reached XP level 3. HP: 16/16 MP: 5/7
  1396 | D:2      | Learned a level 2 spell: Searing Ray
  1786 | D:2      | Found a faded altar of an unknown god.
  1933 | D:2      | Prayed at the altar of an unknown god.
  1933 | D:2      | Became a worshipper of the Wu Jian Council
  1933 | D:2      | Reached * piety under Wu Jian
  2019 | D:$      | Got out of the dungeon alive.

Illustrated notes

Levels and vault maps discovered:
D:1:      dpeg_arrival_rooms_a, layout_basic, serial_forest,
          infiniplex_forest_end_double, infiniplex_forest_end_2,
          infiniplex_forest_lined_2, infiniplex_forest_straight_4,
          infiniplex_forest_lined_room_2, infiniplex_forest_clump_small,
          infiniplex_forest_straight_5, infiniplex_forest_straight_5
D:2:      layout_loops_ring, chequers_ecumenical_altar_island,
          kennysheep_generic_room_6

Skill      XL: |  1  2 |
---------------+-------+-----
Stealth        | 3 |  3.0
Fighting       | |  0.2
Dodging        | |  1.9
Spellcasting   | |  2.6
Conjurations   | |  4.3

Action                   || total
-------------------------++-------
Melee: Unarmed           ||     9
       Bite              ||     3
 Cast: Magic Dart        ||    39
       Searing Ray       ||     3
Armor: Leather armour    ||     2
Dodge: Dodged            ||     2
